 Dungeon Crawl Stone Soup version 0.23.2-40-g277498a001 (webtiles) character file.

Game seed: 2926550392420313336

240 Htamos the Conjurer (level 5, -12/30 (31) HPs)
             Began as a Deep Elf Conjurer on Sept 3, 2019.
             Killed from afar by an orc wizard (33 damage)
             ... with an exploding inner flame
             ... hexed by the player character
             ... on level 3 of the Dungeon.
             The game lasted 00:08:57 (2855 turns).

Htamos the Conjurer (Deep Elf Conjurer)             Turns: 2855, Time: 00:08:59

HP:   -12/30 (31)   AC:  4    Str:  5    XL:     5   Next: 80%
MP:   10/13         EV: 12    Int: 21    God:
Gold: 138           SH:  4    Dex: 15    Spells: 6/12 levels left

rFire    . . .     SeeInvis .   w - +1 falchion (pain)
rCold    . . .     Gourm    .   d - +0 buckler
rNeg     . . .     Faith    .   a - +0 robe
rPois    .         Spirit   .   (no helmet)
rElec    .         Reflect  .   (no cloak)
rCorr    .         Harm     .   (no gloves)
MR       .....                  A - +1 pair of boots
Stlth    ++........             z - amulet of rage
HPRegen  0.10/turn              (no ring)
MPRegen  0.13/turn              (no ring)

@: no status effects
A: no striking features
a: Evoke Berserk Rage


You were on level 3 of the Dungeon.
You were not hungry.

You visited 1 branch of the dungeon, and saw 3 of its levels.

You collected 138 gold pieces.

Inventory:

Hand Weapons
 o - a +0 dagger
 p - a +0 blowgun
 u - a +0 hand crossbow
 v - a +0 short sword
 w - a +1 falchion of pain (weapon)
Missiles
 e - 4 tomahawks (quivered)
 m - 14 poisoned needles
 r - a throwing net
Armour
 a - a +0 robe (worn)
 d - a +0 buckler (worn)
 x - a +0 plate armour
 A - a +1 pair of boots (worn)
Jewellery
 s - an uncursed amulet of magic regeneration
 z - an amulet of rage (around neck)
Scrolls
 f - a scroll of teleportation {unknown}
 i - a scroll of remove curse {unknown}
 k - a scroll of magic mapping {unknown}
 n - a scroll of enchant weapon {unknown}
 y - a scroll of immolation
 B - a scroll of identify
Potions
 b - a potion of mutation {unknown}
 g - a potion of agility
 h - 3 potions of curing {unknown}
 j - a potion of might {unknown}
 q - 2 potions of ambrosia {unknown}
 t - a potion of flight {unknown}
Comestibles
 c - 7 rations
 l - 4 chunks of flesh


   Skills:
 + Level 2.3 Fighting
 - Level 2.4 Dodging
 - Level 2.4 Stealth
 * Level 2.4 Shields
 + Level 4.2 Spellcasting
 + Level 5.3 Conjurations


You had 6 spell levels left.
You knew the following spells:

 Your Spells              Type           Power        Failure   Level  Hunger
a - Magic Dart            Conj           ####         1%          1    None
b - Searing Ray           Conj           ####..       2%          2    #......
c - Dazzling Spray        Conj/Hex       ###...       14%         3    ##.....

Your spell library contained the following spells:

 Spells                   Type           Power        Failure   Level  Hunger
 Iskenderun's Mystic Bla  Conj           ####....     16%         4    ####...
 Force Lance              Conj/Tloc      ###.....     43%         4    ####...
 Fulminant Prism          Conj/Hex       ###.......   43%         4    ####...


Dungeon Overview and Level Annotations

Branches:
Dungeon (3/15)

Altars:
Dithmenos
Elyvilon
Qazlal
Ru


Message History

You hear a shout!
There is an open door here.
You aren't carrying any items that you can evoke.
You close the door.
An orc wizard opens the door.
Casting: Magic Dart (safe; 1% risk of failure)
Confirm with . or Enter, or press ? or * to list all spells.
Aiming: Searing Ray (safe; 2% risk of failure)
Press: ? - help, Shift-Dir - straight line, f - orc wizard
Aim: an orc wizard, wielding a +0 dagger and wearing a +0 robe (fast, inner flame)
The searing ray hits the orc wizard.
The orc wizard is moderately wounded. (Press . to maintain the ray.)
The searing ray hits the orc wizard!
The orc wizard is almost dead.
The orc wizard barely misses you.
You riposte.
You hit the orc wizard.
The orc wizard explodes!
The fiery explosion engulfs you!!
Ouch! That really hurt!
You die...

#### ...# ##.# #.#
##########
##'###############.........
.................#.......§.
.....###########....§..≈≈≈.
.....# ###.#...≈≈≈≈§≈
....[# ..#@##...≈≈≈§§
###..# #.#§##...≈§§§≈≈.
##.## #.#§##..§§§>.≈≈.
####.######.#.#...§≈§8_≈≈§
........#o#...§§≈§≈≈≈≈
#......)...§≈§§§≈≈≈§
#..........§§§≈§..≈o
##.##............§....≈.
....>.......##≈o.†)†....


You could see an orc.

Vanquished Creatures
  A necrophage (D:3)
  The ghost of BreadTh the Digger, a weakling DgEE (D:3)
  Jessica (D:3)
  Robin (D:3)
  An adder (D:2)
  An ooze (D:1)
  2 dart slugs (D:1)
  2 leopard geckos
  8 bats
  A giant cockroach (D:2)
  14 goblins
  11 hobgoblins
  3 jackals (D:2)
  A quokka (D:3)
  2 ball pythons (D:1)
  A frilled lizard (D:1)
  A kobold (D:2)
  4 rats
56 creatures vanquished.

Notes
Turn   | Place    | Note
-------+----------+-------------------------------------------
     0 | D:1      | Htamos the Deep Elf Conjurer began the quest for the Orb.
     0 | D:1      | Reached XP level 1. HP: 10/10 MP: 6/6
   184 | D:1      | Reached skill level 1 in Fighting
   200 | D:1      | Reached XP level 2. HP: 16/16 MP: 4/8
   295 | D:1      | Learned a level 2 spell: Searing Ray
   718 | D:1      | Reached XP level 3. HP: 19/20 MP: 3/9
   723 | D:1      | Learned a level 3 spell: Dazzling Spray
  1414 | D:2      | Reached skill level 1 in Shields
  1635 | D:2      | Found a white marble altar of Elyvilon.
  2143 | D:3      | Found a shadowy altar of Dithmenos.
  2187 | D:3      | Found a sacrificial altar of Ru.
  2290 | D:3      | Found a runed translucent door.
  2292 | D:3      | Noticed BreadTh's ghost (weakling DgEE)
  2330 | D:3      | Noticed Jessica
  2387 | D:3      | Noticed a necrophage
  2395 | D:3      | Killed BreadTh's ghost
  2395 | D:3      | Reached skill level 5 in Conjurations
  2395 | D:3      | Reached XP level 4. HP: 26/26 MP: 9/11
  2398 | D:3      | Killed a necrophage
  2398 | D:3      | Reached XP level 5. HP: 29/29 MP: 9/13
  2466 | D:3      | Killed Jessica
  2646 | D:3      | Found a stormy altar of Qazlal.
  2655 | D:3      | Noticed Robin
  2702 | D:3      | Killed Robin
  2855 | D:3      | Killed from afar by an orc wizard

Skill      XL: |  1  2  3  4 |
---------------+-------------+-----
Fighting       | 1 2 |  2.3
Shields        | 1 2 |  2.4
Conjurations   | 5 |  5.3
Spellcasting   | 4 |  4.2
Dodging        | |  2.4
Stealth        | |  2.4

Action                   |  1- 3 |  4- 6 || total
-------------------------+-------+-------++-------
Melee: Unarmed           |     2 |       ||     2
       Short sword       |     9 |     3 ||    12
 Fire: Blowgun           |       |    13 ||    13
Throw: Tomahawk          |     4 |       ||     4
 Cast: Magic Dart        |    83 |    18 ||   101
       Searing Ray       |       |     2 ||     2
 Abil: Evoke Berserk Rag |     1 |       ||     1
  Use: Scroll            |     2 |     2 ||     4
  Eat: Chunk             |     3 |       ||     3
       Ration            |     1 |       ||     1
Armor: Robe              |     9 |       ||     9
Dodge: Dodged            |    22 |     3 ||    25
Block: Buckler           |     1 |     1 ||     2
       Rpst.: Falchion   |       |     1 ||     1
